 Dungeon Crawl Stone Soup version 0.21-a0-372-gd0ff781 (webtiles) character file.

70 Deemzul the Magician (level 4, -8/27 HPs)
             Began as an Octopode Wizard on Oct 17, 2017.
             Shot with an arrow by a centaur (11 damage)
             ... on level 2 of the Dungeon.
             The game lasted 00:02:56 (2388 turns).

Deemzul the Magician (Octopode Wizard)              Turns: 2388, Time: 00:02:57

Health: -8/27      AC:  1    Str:  6    XL:     4   Next: 22%
Magic:  1/9        EV: 13    Int: 21    God:
Gold:   61         SH:  0    Dex: 10    Spells: 7/10 levels left

rFire    . . .     SeeInvis .   (no weapon)
rCold    . . .     Gourm    .   (no shield)
rNeg     . . .     Faith    .   a - +0 hat
rPois    .         Spirit   .   (no amulet)
rElec    .         Reflect  .   i - ring of loudness (curse)
rCorr    .         Harm     .   (no ring)
MR       .....                  (no ring)
Stlth    ++........             (no ring)
HPRegen  0.09/turn              (no ring)
MPRegen  0.11/turn              (no ring)
                                (no ring)
                                (no ring)

@: no status effects
A: almost no armour, stealthy swim, amphibious, 8 rings, constrict 8, camouflage
1, gelatinous body 1
a: no special abilities


You were on level 2 of the Dungeon.
You were not hungry.

You visited 1 branch of the dungeon, and saw 3 of its levels.

You collected 61 gold pieces.

Inventory:

Armour
 a - a +0 hat (worn)
Jewellery
 i - a cursed ring of loudness (left tentacle)
 o - a +4 ring of slaying {unknown}
Scrolls
 e - a scroll of immolation {unknown}
 f - 2 scrolls of enchant armour {unknown}
 g - a scroll of teleportation {unknown}
 h - a scroll of remove curse {unknown}
 j - 2 scrolls of identify {unknown}
Potions
 d - 2 potions of agility {unknown}
 l - a potion of berserk rage {unknown}
 n - 2 potions of cancellation {unknown}
 p - a potion of heal wounds {unknown}
Books
 b - a book of Minor Magic

   Spells                             Type                      Level
   a - Magic Dart                     Conjuration                  1
   b - Blink                          Translocation                2
   c - Call Imp                       Summoning                    2
   d - Slow                           Hexes                        2
   e - Conjure Flame                  Conjuration/Fire             3
   f - Mephitic Cloud                 Conjuration/Poison/Air       3
Comestibles
 c - 2 bread rations
 k - 3 meat rations
 m - 2 chunks of flesh


   Skills:
 - Level 2.1 Dodging
 + Level 3.5 Stealth
 + Level 3.7 Spellcasting
 * Level 2.4 Conjurations
 - Level 1.0 Summonings
   Level 1.0 Translocations


You had 7 spell levels left.
You knew the following spells:

 Your Spells              Type           Power        Failure   Level  Hunger
a - Magic Dart            Conj           ##..         4%          1    None
b - Call Imp              Summ           #.......     12%         2    ##.....


Dungeon Overview and Level Annotations

Branches:
Dungeon (3/15)

Altars:

Annotations:
D:3 Purgy


Innate Abilities, Weirdness & Mutations

You cannot wear most types of armour.
You are very stealthy in the water. (Stealth+)
You are amphibious.
You can wear up to eight rings at the same time.
You can use your tentacles to constrict eight enemies at once.
Your skin changes colour to match your surroundings (Stealth+).
Your rubbery body absorbs attacks. (AC +1, EV +1)


Message History

You butcher the adder corpse.
The centaur shoots an arrow.
The arrow hits you!
Things that are here:
an arrow; a chunk of flesh
There is an open door here.
Casting: Magic Dart
Confirm with . or Enter, or press ? or * to list all spells.
A beastly little devil appears in a puff of frigid air.
Casting: Call Imp
Confirm with . or Enter, or press ? or * to list all spells.
A shadowy apparition takes form in the air.
The centaur shoots an arrow.
The arrow hits you!
* * * LOW HITPOINT WARNING * * *
You swap places.
The centaur shoots an arrow.
The arrow hits your white imp!
Your white imp dies!
You swap places.
The centaur shoots an arrow.
The arrow hits your shadow imp.
The centaur shoots an arrow.
The arrow hits your shadow imp.
The centaur shoots an arrow.
The arrow closely misses your shadow imp.
The arrow hits you!
You die...

........# ###.....^#
.......<# #.......>#
..######## #.#.>..###
...#.#....######
###.#.#.........#
.....#####(....#
##.#.#####.....#
#.....5(('c....#
###.@#####.....#
###### #..# #.....#
##....# #.###..#
#.##### .'....#
#.#....#####.#
##....#
#.#..<.....#.# #(...#
#.#..#.###.#.# #....#
#.#<.### .# #....#
#.##.#
###'######.##.#####.#


You could see a centaur and a friendly shadow imp.

Vanquished Creatures
  3 adders
  An orc (D:2)
  3 giant cockroaches
  4 hobgoblins
  2 jackals (D:2)
  2 bats
  2 frilled lizards
  7 goblins
  2 kobolds
  4 rats
30 creatures vanquished.

Vanquished Creatures (collateral kills)
  Robin (D:2)
  2 orcs (D:3)
  5 goblins
  A rat (D:3)
9 creatures vanquished.

Grand Total: 39 creatures vanquished

Notes
Turn   | Place    | Note
-------+----------+-------------------------------------------
     0 | D:1      | Deemzul the Octopode Wizard began the quest for the Orb.
     0 | D:1      | Reached XP level 1. HP: 11/11 MP: 4/4
   399 | D:1      | Reached XP level 2. HP: 17/17 MP: 1/6
   771 | D:2      | Noticed a centaur
  1372 | D:2      | Learned a level 2 spell: Call Imp
  1725 | D:2      | Reached XP level 3. HP: 21/21 MP: 5/8
  1947 | D:2      | Noticed Robin
  2085 | D:3      | Noticed Purgy
  2167 | D:2      | Killed Robin
  2297 | D:2      | Reached XP level 4. HP: 24/27 MP: 5/9
  2388 | D:2      | Shot with an arrow by a centaur

Vault maps used:
D:1:      nicolae_arrival_memento_mori, hangedman_decor_diamond_cutter
D:2:      uniq_robin
D:3:      overflow_temple_1_default, first_bread, uniq_purgy

Skill      XL: |  1  2  3 |
---------------+----------+-----
Stealth        | 3 |  3.5
Conjurations   | 2 |  2.4
Dodging        | |  2.1
Spellcasting   | |  3.7
Summonings     | |  1.0
Translocations | |  1.0

Action                   |  1- 3 |  4- 6 || total
-------------------------+-------+-------++-------
Melee: Unarmed           |    52 |    15 ||    67
       Constrict         |    10 |     3 ||    13
       Tentacles         |     7 |     1 ||     8
 Cast: Magic Dart        |    37 |    10 ||    47
       Call Imp          |    11 |     2 ||    13
  Eat: Chunk             |     4 |     1 ||     5
Armor: Skin              |     9 |     3 ||    12
Dodge: Dodged            |    42 |    18 ||    60

Table legend:
 A = Spawn XP
 B = Non-spawn XP
 C = Spawn XP percentage of total XP
 D = Spawn monster count
 E = Non-spawn monster count
 F = Spawn count percentage of total count
 G = Total turns spent on level
                    A         B        C        D         E        F      G
               +---------+---------+-------+---------+---------+-------+---------
         Total |       0 |     101 |   0.0 |       0 |      39 |   0.0 |  2388
               +---------+---------+-------+---------+---------+-------+---------
           D:1 |       0 |      15 |   0.0 |       0 |      11 |   0.0 |  1068
           D:2 |       0 |      65 |   0.0 |       0 |      21 |   0.0 |  1101
           D:3 |       0 |      21 |   0.0 |       0 |       7 |   0.0 |   219
               +---------+---------+-------+---------+---------+-------+---------
